 Dungeon Crawl Stone Soup version 0.27-a0-34-gc18c9092ac (webtiles) character file.

Game seed: 8750266708372137781

1046 voltaire321 the Insei (level 8, 0/81 HPs)
             Began as an Octopode Transmuter on Jan 4, 2021.
             Was an Initiate of the Shining One.
             Slain by a water moccasin (4 damage)
             ... on level 5 of the Dungeon.
             The game lasted 00:17:25 (6909 turns).

voltaire321 the Insei (Octopode Transmuter)         Turns: 6909, Time: 00:17:25

Health: 0/81       AC: 24    Str:  9    XL:     8   Next: 25%
Magic:  13/13      EV:  2    Int: 16    God:    the Shining One [......]
Gold:   213        SH:  0    Dex: 14    Spells: 8/14 levels left

rFire    . . .     SeeInvis .     - Unarmed
rCold    . . .     Faith    .   (no shield)
rNeg     + + +     Spirit   .   (helmet currently unavailable)
rPois    +         Reflect  .   o - amulet of magic regeneration
rElec    .         Harm     .   t - ring of willpower
rCorr    .         Rampage  .   (no ring)
Will     +....     NoTele   +   (no ring)
Stlth    +.........             (no ring)
HPRegen  0.23/turn              (no ring)
MPRegen  0.38/turn              (no ring)
                                (no ring)
                                (no ring)

@: lethally poisoned (0 -> -35), tree-form, glowing
A: almost no armour, stealthy swim, (amphibious), 8 rings, (constrict 8)
a: Renounce Religion


You were on level 5 of the Dungeon.
You worshipped the Shining One.
The Shining One was noncommittal.
You were a tree.
You visited 2 branches of the dungeon, and saw 6 of its levels.

You collected 312 gold pieces.
You spent 99 gold pieces at shops.

Inventory:

Missiles
 k - 34 poisoned darts (quivered)
 w - 7 silver javelins
 x - 2 javelins
Jewellery
 m - an uncursed ring of flight
 o - an amulet of magic regeneration (around neck)
 t - a ring of willpower (left branch)
 y - an uncursed amulet of guardian spirit {unknown}
Wands
 u - a wand of polymorph (6)
Scrolls
 d - a scroll of amnesia {unknown}
 h - 7 scrolls of remove curse
 j - 4 scrolls of teleportation
 l - 2 scrolls of enchant weapon {unknown}
 n - 3 scrolls of identify
 p - a scroll of magic mapping {unknown}
 s - 2 scrolls of immolation {unknown}
 v - a scroll of fog {unknown}
Potions
 a - 4 potions of lignification
 b - 3 potions of haste {unknown}
 c - 2 potions of ambrosia {unknown}
 e - 2 potions of flight {unknown}
 f - 2 potions of curing {unknown}
 g - a potion of might {unknown}
 i - a potion of attraction {unknown}
 q - 2 potions of mutation {unknown}
 r - a potion of berserk rage {unknown}
 z - a potion of heal wounds {unknown}


   Skills:
 + Level 3.7 Fighting
 + Level 4.1 Dodging
 + Level 4.8 Unarmed Combat
 + Level 3.9 Spellcasting
 + Level 4.2 Transmutations
 + Level 3.9 Poison Magic
 + Level 1.5 Invocations


You had 8 spell levels left.
You knew the following spells:

 Your Spells              Type           Power        Failure   Level
a - Beastly Appendage     Tmut           32%          3%          1
b - Wereblood             Tmut           16%          4%          2
c - Spider Form           Tmut/Pois      8%           10%         3

Your spell library contained the following spells:

 Spells                   Type           Power        Failure   Level
 Ice Form                 Ice/Tmut       9%           56%         4
 Blade Hands              Tmut           8%           63%         5


Dungeon Overview and Level Annotations

Branches:
Dungeon (5/15)             Temple (1/1) D:4

Altars:
Cheibriados
Dithmenos
Elyvilon
Hepliaklqana
Nemelex Xobeh
Qazlal
Trog
Vehumet
Xom
Yredelemnul
Zin
The Shining One

Shops:
D:4 *


Innate Abilities, Weirdness & Mutations

You cannot wear most types of armour.
You are very stealthy in the water. (Stealth+)
((You are amphibious.))
You can wear up to eight rings at the same time.
((You can use your tentacles to constrict eight enemies at once.))
((Your skin changes colour to match your surroundings (Stealth+).))
((Your rubbery body absorbs attacks. (AC +1, EV +1)))


Message History

You lose your grip on the water moccasin.
* * * LOW HITPOINT WARNING * * *
You feel very sick.
The water moccasin bites you but does no damage.
You barely miss the water moccasin. Your punch misses the water moccasin.
The water moccasin is almost dead.
* * * LOW HITPOINT WARNING * * *
You feel very sick.
The water moccasin bites you but does no damage. x2
You barely miss the water moccasin.
The water moccasin is almost dead.
* * * LOW HITPOINT WARNING * * *
You feel very sick.
The water moccasin bites you but does no damage.
You barely miss the water moccasin.
The water moccasin is almost dead.
* * * LOW HITPOINT WARNING * * *
You feel very sick. The water moccasin bites you.
You die...

#....†...........######
#......................
#........#+######.....(
#...#'#........)'......
#...#.####.######......
#...#(...#.# #....####
#...####.# # #....###.
#...####.# +.....##.
+...rS♣..# # ##.....##.
#...###### #.#....#.##.
.............# #......#.##.
##.#...........#......#.#..
.. #...S.......#.#......#..
# #...........#.####.###..
#...........#........#..
#...........######.#....
#........... #.#....


You could see a water moccasin and a quokka.

Vanquished Creatures
  Prince Ribbit (D:5)
  An ice beast (D:5)
  A phantom (D:4)
  An ogre (D:3)
  A howler monkey (D:4)
  A bullfrog zombie (D:2)
  2 hounds (D:5)
  2 orc wizards
  2 orc priests
  A bullfrog skeleton (D:5)
  3 iguanas (D:4)
  A worker ant (D:4)
  4 gnolls (D:3)
  5 adders
  3 worms
  4 dart slugs
  4 leopard geckos
  12 orcs
  7 giant cockroaches
  11 goblins
  7 hobgoblins
  3 jackals (D:2)
  4 kobolds
  2 quokkas
  6 bats
  6 frilled lizards
  2 leopard gecko skeletons
  10 rats
107 creatures vanquished.

Vanquished Creatures (others)
  A plant (D:1)
1 creature vanquished.

Grand Total: 108 creatures vanquished

Notes
Turn   | Place    | Note
-------+----------+-------------------------------------------
     0 | D:1      | voltaire321 the Octopode Transmuter began the quest for the
                  | Orb.
     0 | D:1      | Reached XP level 1. HP: 13/13 MP: 3/3
   256 | D:1      | Reached XP level 2. HP: 1/18 MP: 3/5
   855 | D:1      | Reached XP level 3. HP: 23/23 MP: 6/6
  1589 | D:1      | Learned a level 2 spell: Wereblood
  1593 | D:1      | Learned a level 3 spell: Spider Form
  2282 | D:2      | Reached XP level 4. HP: 29/29 MP: 5/7
  2459 | D:2      | Reached skill level 1 in Poison Magic
  2619 | D:3      | Noticed an ogre
  2646 | D:3      | Killed an ogre
  2647 | D:3      | Reached XP level 5. HP: 35/35 MP: 7/9
  2669 | D:3      | Found a shadowy altar of Dithmenos.
  2803 | D:3      | Reached XP level 6. HP: 34/41 MP: 8/10
  3598 | D:4      | Noticed a phantom
  3946 | D:4      | HP: 1/41 [phantom (3)]
  4600 | D:4      | Killed a phantom
  4601 | D:4      | Reached XP level 7. HP: 17/46 MP: 8/11
  5416 | D:4      | Found a staircase to the Ecumenical Temple.
  5428 | Temple   | Entered the Ecumenical Temple
  5453 | Temple   | Became a worshipper of the Shining One
  5503 | D:4      | Found Epaw's General Store.
  5520 | D:4      | Bought a scroll of remove curse for 33 gold pieces
  5520 | D:4      | Bought a scroll of teleportation for 33 gold pieces
  5520 | D:4      | Bought a potion of lignification for 33 gold pieces
  5857 | D:5      | Entered Level 5 of the Dungeon
  6296 | D:5      | Noticed Prince Ribbit
  6308 | D:5      | Killed Prince Ribbit
  6309 | D:5      | Reached skill level 1 in Invocations
  6309 | D:5      | Reached XP level 8. HP: 29/54 MP: 13/13
  6798 | D:5      | Found a snail-covered altar of Cheibriados.
  6909 | D:5      | HP: 4/81 [poisoned by a water moccasin]
  6909 | D:5      | Slain by a water moccasin

Illustrated notes

Levels and vault maps discovered:
D:1:      doesnt_arrival_eight_statues, layout_basic, chequers_big_river
D:2:      layout_rooms, serial_corexii_hall, chequers_hall_statues_wall_a,
          chequers_hall_statues_wall_a, minmay_goblin_outpost
D:3:      layout_basic, grunt_dithmenos_smoke, serial_forest,
          infiniplex_forest_lined_room_, infiniplex_forest_zigzag_1,
          infiniplex_forest_straight_3, infiniplex_forest_straight_2,
          infiniplex_forest_split, infiniplex_forest_end_2
D:4:      layout_cave_pods, minmay_temple_entry_ruins, serial_shops, shop
D:5:      layout_basic, kennysheep_slug_shrine, uniq_prince_ribbit1
Temple:   nicolae_temple_the_god_donut

Skill      XL: |  1  2  3  4  5  6  7 |
---------------+----------------------+-----
Fighting       | 2 3 |  3.7
Poison Magic   | 1 2 3 |  3.9
Dodging        | 3 4 |  4.1
Transmutations | 3 4 |  4.2
Spellcasting   | 3 |  3.9
Unarmed Combat | 4 |  4.8
Invocations    | 1 |  1.5

Action                   |  1- 3 |  4- 6 |  7- 9 || total
-------------------------+-------+-------+-------++-------
Melee: Unarmed           |    91 |   142 |   102 ||   335
       Kick              |    21 |    30 |    18 ||    69
       Constrict         |    31 |    22 |    18 ||    71
       Tentacles         |    11 |    19 |    23 ||    53
       Punch             |     1 |     3 |     2 ||     6
Throw: Dart              |       |    18 |     3 ||    21
 Cast: Beastly Appendage |    25 |    23 |     9 ||    57
       Spider Form       |       |     4 |     6 ||    10
  Use: Scroll            |       |       |     1 ||     1
       Potion            |       |       |     1 ||     1
 Stab: Sleeping          |     9 |     4 |       ||    13
Armor: Skin              |     5 |     1 |     9 ||    15
Dodge: Dodged            |    72 |    83 |    62 ||   217

Table legend: (Time is in decaauts)
 A = Elapsed time spent in this place.
 B = Non-inter-level travel time spent in this place.
 C = Inter-level travel time spent in this place.
 D = Time resting spent in this place.
 E = Time spent auto-exploring this place.
 F = Levels seen in this place.
 G = Mean time per level.
                   A        B        C        D        E       F      G
               +--------+--------+--------+--------+--------+-----+--------+
         Total |   6887 |   6733 |    154 |   2620 |   2666 |   6 | 1147.8 |
       Dungeon |   6840 |   6686 |    154 |   2620 |   2666 |   5 | 1368.0 |
        Temple |     46 |     46 |      0 |      0 |      0 |   1 |   46.0 |
               +--------+--------+--------+--------+--------+-----+--------+

Top non-repeatable levels by time:
     D:4: 1702 daAuts
     D:1: 1602 daAuts
     D:3: 1504 daAuts
     D:5: 1045 daAuts
     D:2: 985 daAuts
  Temple: 46 daAuts
